 Dungeon Crawl Stone Soup version 0.25-a0-544-gee0576305d (webtiles) character file.

Game seed: 8460636228636878500, levelgen mode: deterministic

36 vurker the Gusty (level 3, -3/15 HPs)
             Began as a Felid Air Elementalist on Feb 20, 2020.
             Slain by Terence
             ... wielding a +0 flail
              (4 damage)
             ... on level 2 of the Dungeon.
             The game lasted 00:02:00 (1845 turns).

vurker the Gusty (Felid Air Elementalist)           Turns: 1845, Time: 00:02:00

Health: -3/15      AC:  1    Str:  4    XL:     3   Next: 19%
Magic:  0/7        EV: 21    Int: 17    God:
Gold:   0          SH:  0    Dex: 16    Spells: 6/7 levels left
                                        Lives:  0   Deaths: 0

rFire    . . .     SeeInvis +   (weapon unavailable)
rCold    . . .     Gourm    .   (shield unavailable)
rNeg     . . .     Faith    .   (armour unavailable)
rPois    .         Spirit   .   (helmet unavailable)
rElec    .         Reflect  .   (cloak unavailable)
rCorr    .         Harm     .   (gloves unavailable)
MR       .....                  (boots unavailable)
Stlth    +++.......             (no amulet)
HPRegen  0.05/turn              g - +3 ring of evasion
MPRegen  0.10/turn              (no ring)

@: very slightly contaminated, quick
A: very small, no armour, no weapons or thrown items, stealth, claws 1, fangs 3,
see invisible, carnivore, speed 1, shaggy fur 1, slow metabolism 1, sharp paws
a: no special abilities


You were on level 2 of the Dungeon.
You were completely stuffed.

You visited 1 branch of the dungeon, and saw 2 of its levels.

Inventory:

Jewellery
 c - an uncursed ring of fire
   (You found it on level 1 of the Dungeon)
 g - a +3 ring of evasion (left paw)
   (You found it on level 1 of the Dungeon)
Scrolls
 a - 2 scrolls of identify {unknown}
 b - a scroll of random uselessness {unknown}
 d - a scroll of noise {unknown}
 f - a scroll of teleportation {unknown}
 l - a scroll of magic mapping {unknown}
Potions
 h - a potion of lignification {unknown}
 i - 2 potions of curing {unknown}
 k - a potion of degeneration {unknown}
Comestibles
 e - 6 rations


   Skills:
 + Level 0.9 Fighting
 - Level 2.6 Dodging
 - Level 2.6 Stealth
 * Level 2.5 Spellcasting
 + Level 1.3 Conjurations
 * Level 3.1 Air Magic


You had 6 spell levels left.
You knew the following spells:

 Your Spells              Type           Power        Failure   Level  Hunger
a - Shock                 Conj/Air       #...         8%          1    #......

Your spell library contained the following spells:

 Spells                   Type           Power        Failure   Level  Hunger
 Swiftness                Chrm/Air       #.......     14%         2    ##.....
 Static Discharge         Conj/Air       #.......     22%         3    ###....
 Airstrike                Air            ##........   45%         4    #####..
 Lightning Bolt           Conj/Air       #.........   90%         5    ######.


Dungeon Overview and Level Annotations

Branches:
Dungeon (2/15)

Altars:
Cheibriados
Elyvilon

Annotations:
D:2 Terence


Innate Abilities, Weirdness & Mutations

You cannot wear armour.
You are incapable of wielding weapons or throwing items.
Your paws allow you to move quietly. (Stealth)
You have sharp claws.
You have razor-sharp teeth.
You have supernaturally acute eyesight. (SInv)
You are carnivorous and can eat meat at any time.
You cover ground quickly.
You are covered in fur. (AC +1)
You have a slow metabolism.
Your sharp claws are effective at attacking unaware monsters.


Message History

You scratch Terence but do no damage. Terence closely misses you.
You scratch Terence but do no damage. Terence completely misses you.
You closely miss Terence. Terence hits you with a +0 flail.
You barely miss Terence. You barely miss Terence.
Terence completely misses you.
You barely miss Terence. Terence misses you.
You scratch Terence but do no damage. Terence hits you with a +0 flail.
* * * LOW HITPOINT WARNING * * *
You scratch Terence but do no damage. Terence completely misses you.
Aim: Terence, wielding a +0 flail and wearing a cursed +0 chain mail (moderately wounded)
You miscast Shock.
Nothing appears to happen.
Terence barely misses you.
You don't have enough magic to cast that spell.
Unknown command.
You scratch Terence but do no damage. You bite Terence, but do no damage.
You scratch Terence. Terence hits you but does no damage.
Unknown command.
You scratch Terence but do no damage. Terence closely misses you.
Unknown command.
You scratch Terence but do no damage. Terence completely misses you.
Unknown command.
You scratch Terence but do no damage. Terence barely misses you.
You scratch Terence. You bite Terence. Terence barely misses you.
Aim: Terence, wielding a +0 flail and wearing a cursed +0 chain mail (heavily wounded)
You miscast Shock.
You are momentarily dazzled by a flash of light!
The ooze jiggles.
You don't have enough magic to cast that spell.
You barely miss Terence. Terence completely misses you.
You scratch Terence. Terence misses you.
You closely miss Terence. Terence completely misses you.
You scratch Terence. Terence completely misses you.
Unknown command.
You barely miss Terence. Terence misses you.
You scratch Terence but do no damage. Your bite misses Terence.
You scratch Terence but do no damage. Your bite misses Terence.
Terence barely misses you.
Aim: Terence, wielding a +0 flail and wearing a cursed +0 chain mail (severely wounded)
You miscast Shock.
There is a short, sharp shower of sparks.
A giant cockroach comes into view.
You don't have enough magic to cast that spell.
You scratch Terence but do no damage. Terence hits you with a +0 flail.
* * * LOW HITPOINT WARNING * * *
You scratch Terence but do no damage. Terence misses you.
You scratch Terence but do no damage. You bite Terence, but do no damage.
Aim: Terence, wielding a +0 flail and wearing a cursed +0 chain mail (severely wounded)
The zap hits Terence but does no damage.
The zap hits the ooze. x2; The zap hits Terence.
Terence hits you with a +0 flail.
You die...

............. .
.#.########## .##
#. #.. ..# #.. #.#
##. #.# #. #.# ##.
#s# #.. #@# #.. #@#
#..
#J##############รท#
#...J...........<.
##################


You could see Terence, an ooze and a giant cockroach.

Vanquished Creatures
  3 dart slugs (D:1)
  2 giant cockroaches (D:1)
  6 goblins (D:1)
  3 hobgoblins
  2 ball pythons
  A bat (D:1)
  2 frilled lizards (D:1)
  4 kobolds (D:1)
  8 rats
31 creatures vanquished.

Notes
Turn   | Place    | Note
-------+----------+-------------------------------------------
     0 | D:1      | vurker the Felid Air Elementalist began the quest for the
                  | Orb.
     0 | D:1      | Reached XP level 1. HP: 7/7 MP: 4/4
   205 | D:1      | Reached skill level 1 in Conjurations
   351 | D:1      | Reached XP level 2. HP: 9/12 MP: 0/6
   618 | D:1      | Reached skill level 3 in Air Magic
   821 | D:1      | Found a snail-covered altar of Cheibriados.
  1262 | D:1      | Reached XP level 3. HP: 15/15 MP: 2/7
  1746 | D:2      | Found a white marble altar of Elyvilon.
  1766 | D:2      | Noticed Terence
  1845 | D:2      | Slain by Terence

Levels and vault maps discovered:
D:1:      matt_arrival_grand_opening, layout_basic, kennysheep_flooded_box,
          minmay_misc_feat_alley
D:2:      layout_basic, old_standard_altar, bloody_trog, first_ration,
          elyvilon_altar_5, uniq_terence

Skill      XL: |  1  2 |
---------------+-------+-----
Conjurations   | 1 |  1.3
Air Magic      | 3 |  3.1
Fighting       | |  0.9
Dodging        | |  2.6
Stealth        | |  2.6
Spellcasting   | |  2.5

Action                   || total
-------------------------++-------
Melee: Unarmed           ||    56
       Bite              ||     6
 Cast: Shock             ||    69
  Eat: Chunk             ||    10
Armor: Skin              ||     1
Dodge: Dodged            ||    49

Table legend:
 A = Non-vault XP
 B = Vault XP
 C = Vault XP percentage of total XP
 D = Non-vault monster count
 E = Vault monster count
 F = Vault count percentage of total count
                 A         B        C        D         E       F
            +---------+---------+-------+---------+---------+-------
      Total |      52 |       0 |   0.0 |      31 |       0 |   0.0
            +---------+---------+-------+---------+---------+-------
        D:1 |      48 |       0 |   0.0 |      28 |       0 |   0.0
        D:2 |       4 |       0 |   0.0 |       3 |       0 |   0.0
            +---------+---------+-------+---------+---------+-------
